 Dungeon Crawl Stone Soup version 0.22-a0-439-gac93bac (webtiles) character file.

6367 Ijustatesigmund the Fighter (level 10, -13/115 HPs)
             Began as an Ogre Hunter on May 29, 2018.
             Was an Elder of Okawaru.
             Mangled by a two-headed ogre
             ... wielding a +0 giant club
              (22 damage)
             ... on level 8 of the Dungeon.
             The game lasted 00:30:22 (12446 turns).

Ijustatesigmund the Fighter (Ogre Hunter)          Turns: 12446, Time: 00:30:22

Health: -13/115    AC:  9    Str: 18    XL:     10   Next: 97%
Magic:  12/12      EV: 13    Int: 12    God:    Okawaru [****..]
Gold:   359        SH:  0    Dex: 12    Spells: 9/9 levels left

rFire    + . .     SeeInvis .   a - +0 giant spiked club
rCold    + . .     Gourm    .   (shield currently unavailable)
rNeg     . . .     Faith    .   b - +2 robe
rPois    .         Spirit   .   c - +2 hat
rElec    .         Reflect  .   (no cloak)
rCorr    .         Harm     .   (gloves unavailable)
MR       +....     Clarity  +   (boots unavailable)
Stlth    ++........             (no amulet)
HPRegen  0.29/turn              k - ring of protection from cold
MPRegen  0.13/turn              o - ring of stealth

@: very slightly contaminated, invisible
A: large, unfitting armour, yellow scales 1, blurry vision 1, clarity, fire
resistance 1, low mp 2, tough skin 1
a: Heroism, Renounce Religion


You were on level 8 of the Dungeon.
You worshipped Okawaru.
Okawaru was greatly pleased with you.
You were not hungry.

You visited 2 branches of the dungeon, and saw 9 of its levels.

You collected 359 gold pieces.

Inventory:

Hand Weapons
 a - a +0 giant spiked club (weapon)
Missiles
 d - 2 throwing nets (quivered)
Armour
 b - a +2 robe (worn)
 c - a +2 hat (worn)
Jewellery
 k - a ring of protection from cold (left hand)
 m - a +2 ring of strength
 o - a ring of stealth (right hand)
Wands
 e - a wand of flame (22)
 p - a wand of random effects (11)
Scrolls
 j - 2 scrolls of enchant armour
 q - a scroll of identify
 r - 3 scrolls of amnesia
 t - a scroll of fog
Potions
 g - a potion of ambrosia
 l - 3 potions of brilliance
 n - 3 potions of resistance
 v - 3 potions of lignification
Comestibles
 f - 8 rations


   Skills:
 + Level 11.8 Fighting
 + Level 8.2 Maces & Flails
 - Level 4.0 Throwing
 - Level 7.1 Dodging
 - Level 0.6 Stealth
 - Level 7.2 Invocations


You had 9 spell levels left.
You didn't know any spells.
Your spell library contained the following spells:

 Spells                   Type           Power        Failure   Level  Hunger
 Lightning Bolt           Conj/Air       #.........   100%        5    ######.
 Shock                    Conj/Air       #...         32%         1    ##.....
 Swiftness                Chrm/Air       #.......     45%         2    ###....
 Airstrike                Air            #.........   97%         4    #####..
 Static Discharge         Conj/Air       #.......     69%         3    ####...


Dungeon Overview and Level Annotations

Branches:
Dungeon (8/15)             Temple (1/1) D:6
   Lair: D:8-11

Altars:
Ashenzari
Dithmenos
Elyvilon
Fedhas
Gozag
Hepliaklqana
Kikubaaqudgha
Makhleb
Nemelex Xobeh
Okawaru
Qazlal
Ru
Sif Muna
Trog
Uskayaw
Vehumet
Wu Jian
Xom
Yredelemnul
Zin
The Shining One


Innate Abilities, Weirdness & Mutations

You are too large for most types of armour.
You have tough skin. (AC +1)
You are partially covered in yellow scales. (AC +2)
Scrolls take you a little longer to read.
You possess an exceptional clarity of mind.
Your flesh is heat resistant. (rF+)
Your magical capacity is very low. (-20% MP)


Message History

You feel a little less mighty now.
d - 2 throwing nets (gained 1)
Things that are here:
a long sword; a ring mail; a glowing shield
Things that are here:
a long sword; a ring mail; a glowing shield You barely miss the two-headed ogre.
The two-headed ogre barely misses you.
The two-headed ogre hits you but does no damage.
You catch the helpless two-headed ogre completely off-guard!
You puncture the two-headed ogre!
The two-headed ogre is moderately wounded.
The crimson imp shouts, "Scamper home, thou unmuzzled hell-hated scavenger!"
The two-headed ogre barely misses you.
The two-headed ogre hits you with a giant club!
* * * LOW HITPOINT WARNING * * *
Evoke which item? (* to show all) (? for menu, Esc to quit)
Okay, then.
You feel better.
The two-headed ogre hits you with a giant club!!
You die...

.##.#####.#.#.# ###.5## .##.#
#...#.# #. ###OQ ###.#######.#.#
#... ### # #.........#.# ##..###
# # ####........####....... ###
#### #........##..######### ###..
...###......#.#5##.Q......###..##
...'........#.#O####..#####..####
...###......#.##@.####...Q†####♣.
...# #......#.###...####.†###♣...
...# ##.###.#.# #.#...#####.....P
#### #.# #.#.# #.#.#...##.##♣...
#.# #.#.# #†#.#.#)..#####♣.
##'###+#.# #.#.#...###..####
#........# #.#...####.....##
#........# #...####..##.#.#.
#...)....# ..####..#†#.#.#.#


You could see a two-headed ogre and a crimson imp.

Vanquished Creatures
  A tengu warrior (D:8)
  A deep elf mage (D:8)
  A komodo dragon (D:8)
  A troll (D:8)
  A yak (D:7)
  3 hogs (D:7)
  A human (D:7)
  2 hungry ghosts
  The ghost of tstbtto the Chopper, an amateur FoFi (D:6)
  An orc warrior (D:6)
  An ice beast (D:6)
  2 sky beasts
  2 black bears
  A hornet zombie (D:7)
  5 ogres
  4 phantoms
  A crocodile (D:8)
  A gnoll sergeant (D:5)
  3 bullfrogs
  2 scorpions (D:8)
  A vampire bat (D:3)
  4 howler monkeys
  A crimson imp (D:8)
  A centaur zombie (D:5)
  A bullfrog zombie (D:5)
  6 hounds
  3 bullfrog skeletons
  2 gnoll shamans (D:5)
  6 orc priests
  2 centaur skeletons
  10 orc wizards
  7 worker ants
  Natasha (thrice) (D:3)
  A killer bee zombie (D:8)
  A hound skeleton (D:5)
  36 gnolls
  9 adders
  3 adder skeletons
  2 adder zombies
  A dart slug (D:1)
  3 worms
  6 leopard geckos
  24 orcs
  A ball python (D:1)
  4 giant cockroaches
  9 goblins
  10 hobgoblins
  14 jackals (D:5)
  3 kobolds
  A quokka (D:3)
  13 bats
  3 frilled lizards (D:1)
  A leopard gecko skeleton (D:5)
  9 rats
  2 plants (D:5)
238 creatures vanquished.

Vanquished Creatures (others)
  A hound skeleton (D:8)
1 creature vanquished.

Grand Total: 239 creatures vanquished

Notes
Turn   | Place    | Note
-------+----------+-------------------------------------------
     0 | D:1      | Ijustatesigmund the Ogre Hunter began the quest for the Orb.
     0 | D:1      | Reached XP level 1. HP: 22/22 MP: 1/1
    82 | D:1      | Reached skill level 3 in Fighting
   357 | D:1      | Reached XP level 2. HP: 30/31 MP: 2/2
   592 | D:1      | Reached skill level 1 in Maces & Flails
  1294 | D:2      | Reached XP level 3. HP: 23/39 MP: 3/3
  1344 | D:2      | Reached skill level 4 in Fighting
  1648 | D:2      | Reached XP level 4. HP: 32/49 MP: 4/4
  1972 | D:2      | Found a deep blue altar of Sif Muna.
  1972 | D:2      | Found a bloodstained altar of Trog.
  1973 | D:2      | Found a shattered altar of Ashenzari.
  2419 | D:3      | Noticed Natasha
  2429 | D:3      | Killed Natasha
  2429 | D:3      | Reached skill level 5 in Fighting
  2634 | D:3      | Noticed Natasha
  2645 | D:3      | Killed Natasha
  2645 | D:3      | Reached XP level 5. HP: 21/57 MP: 5/5
  2996 | D:3      | Noticed Natasha
  3008 | D:3      | Killed Natasha
  3015 | D:3      | Reached skill level 6 in Fighting
  3015 | D:3      | Reached XP level 6. HP: 32/67 MP: 6/6
  3958 | D:4      | Noticed a phantom
  3985 | D:4      | Killed a phantom
  4331 | D:4      | Reached skill level 7 in Fighting
  4572 | D:4      | Reached XP level 7. HP: 19/78 MP: 7/7
  4983 | D:5      | Entered Level 5 of the Dungeon
  5586 | D:5      | Reached skill level 8 in Fighting
  5589 | D:5      | Reached skill level 5 in Maces & Flails
  5716 | D:5      | Reached XP level 8. HP: 89/89 MP: 8/8
  6156 | D:5      | Reached skill level 9 in Fighting
  6845 | D:5      | Gained mutation: You are frail. (-10% HP) [potion of mutation]
  6845 | D:5      | Gained mutation: You have supernaturally acute eyesight. (SInv) [potion of mutation]
  7171 | D:5      | Lost mutation: You have supernaturally acute eyesight. (SInv) [potion of mutation]
  7171 | D:5      | Lost mutation: You are frail. (-10% HP) [potion of mutation]
  7171 | D:5      | Gained mutation: You are partially covered in yellow scales. (AC +2) [potion of mutation]
  7171 | D:5      | Gained mutation: Scrolls take you a little longer to read. [potion of mutation]
  7171 | D:5      | Gained mutation: You are agile. (Dex +2) [potion of mutation]
  7317 | D:5      | Reached skill level 10 in Fighting
  7660 | D:5      | Lost mutation: You are agile. (Dex +2) [potion of mutation]
  7660 | D:5      | Gained mutation: Your flesh is heat resistant. (rF+) [potion of mutation]
  7660 | D:5      | Gained mutation: Your magical capacity is low. (-10% MP) [potion of mutation]
  7660 | D:5      | Gained mutation: Your magical capacity is very low. (-20% MP) [potion of mutation]
  7660 | D:5      | Gained mutation: You possess an exceptional clarity of mind. [potion of mutation]
  7749 | D:6      | Identified a scroll of acquirement
  7773 | D:6      | Found a glowing silver altar of Zin.
  7778 | D:6      | Found a glowing golden altar of the Shining One.
  8042 | D:6      | HP: 4/94 [orc priest/nerve-wracking pain (7)]
  8424 | D:6      | Noticed tstbtto's ghost (amateur FoFi)
  8437 | D:6      | Killed tstbtto's ghost
  8437 | D:6      | Reached XP level 9. HP: 71/102 MP: 7/7
  9372 | D:6      | Found a staircase to the Ecumenical Temple.
  9389 | Temple   | Entered the Ecumenical Temple
  9396 | Temple   | Became a worshipper of Warmaster Okawaru
  9434 | D:6      | Reached skill level 1 in Invocations
 10446 | D:7      | Reached * piety under Okawaru
 10506 | D:7      | Reached skill level 5 in Dodging
 10588 | D:7      | Reached XP level 10. HP: 78/111 MP: 9/10
 10595 | D:7      | Reached skill level 5 in Invocations
 10600 | D:7      | Reached ** piety under Okawaru
 12171 | D:8      | Reached *** piety under Okawaru
 12282 | D:8      | Found a blossoming altar of Fedhas.
 12331 | D:8      | Reached skill level 11 in Fighting
 12380 | D:8      | Noticed a deep elf mage
 12389 | D:8      | Noticed a tengu warrior
 12391 | D:8      | Noticed a two-headed ogre
 12392 | D:8      | Killed a deep elf mage
 12403 | D:8      | HP: 4/114 [tengu warrior/long sword (3)]
 12403 | D:8      | HP: 1/114 [tengu warrior/long sword (3)]
 12437 | D:8      | Killed a tengu warrior
 12437 | D:8      | Reached **** piety under Okawaru
 12445 | D:8      | HP: 2/115 [two-headed ogre/giant club (12)]
 12446 | D:8      | Mangled by a two-headed ogre

Vault maps used:
D:1:      scummos_arrival_hexagon
D:2:      gammafunk_temple_overflow_forgotten, minmay_tromino_v2
D:3:      roderic_batcave, uniq_natasha
D:4:      serial_curves, eino_curves_03, eino_curves_01, eino_curves_03
D:5:      lemuel_castle_with_subvaults, first_ration
D:6:      nicolae_overflow_hidden_temple, minmay_temple_entry_mist
D:7:      grunt_livestock
D:8:      minmay_the_grid_triangle_9x9_rhombus_full
Temple:   nicolae_temple_no_exploring_needed

Skill      XL: |  1  2  3  4  5  6  7  8  9 10 |
---------------+-------------------------------+-----
Fighting       | 3 4 5 6 7 8 10 11 | 11.8
Maces & Flails | 1 2 3 4 5 7 8 |  8.2
Dodging        | 2 5 7 |  7.1
Invocations    | 4 7 |  7.2
Throwing       | |  4.0
Stealth        | |  0.6

Action                   |  1- 3 |  4- 6 |  7- 9 | 10-12 || total
-------------------------+-------+-------+-------+-------++-------
Melee: Club              |   111 |   161 |       |       ||   272
       Short sword       |     7 |       |       |       ||     7
       Flail             |       |    37 |    56 |       ||    93
       Giant spiked club |       |       |   350 |   144 ||   494
Throw: Large rock        |     2 |    17 |    15 |     6 ||    40
       Throwing net      |       |     2 |     1 |     1 ||     4
Invok: Heroism           |       |       |       |     3 ||     3
Evoke: Wand              |       |     5 |    31 |       ||    36
  Use: Scroll            |     3 |     6 |    10 |     2 ||    21
       Potion            |       |     2 |    13 |     6 ||    21
 Stab: Sleeping          |     3 |     1 |       |     4 ||     8
       Distracted        |       |       |     1 |       ||     1
       Invisible         |       |       |       |     1 ||     1
  Eat: Ration            |     1 |       |     4 |     4 ||     9
       Chunk             |       |     8 |    10 |       ||    18
Armor: Robe              |    36 |    78 |   201 |    68 ||   383
       Skin              |       |       |    20 |       ||    20
Dodge: Dodged            |    54 |   123 |   395 |   133 ||   705

Table legend:
 A = Spawn XP
 B = Non-spawn XP
 C = Spawn XP percentage of total XP
 D = Spawn monster count
 E = Non-spawn monster count
 F = Spawn count percentage of total count
 G = Total turns spent on level
                    A         B        C        D         E        F      G
               +---------+---------+-------+---------+---------+-------+---------
         Total |       0 |    9096 |   0.0 |       0 |     236 |   0.0 | 12446
               +---------+---------+-------+---------+---------+-------+---------
           D:1 |       0 |      30 |   0.0 |       0 |      19 |   0.0 |  1277
           D:2 |       0 |      76 |   0.0 |       0 |      27 |   0.0 |  1032
           D:3 |       0 |     247 |   0.0 |       0 |      21 |   0.0 |  1309
           D:4 |       0 |     284 |   0.0 |       0 |      13 |   0.0 |  1641
           D:5 |       0 |    1477 |   0.0 |       0 |      74 |   0.0 |  2689
           D:6 |       0 |    1226 |   0.0 |       0 |      25 |   0.0 |  2382
           D:7 |       0 |    2182 |   0.0 |       0 |      26 |   0.0 |   796
           D:8 |       0 |    3574 |   0.0 |       0 |      31 |   0.0 |  1305
               +---------+---------+-------+---------+---------+-------+---------
